PCL
REDWOOD CITY REDWOODS @ MILE HIGH BRONCOS
08/08/2027
 
TOP OF THE 1ST
Redwood City Redwoods batting - Pitching for Mile High Broncos : RHP Hokusai Nakashima
Pitching: RHP Hokusai Nakashima
Batting: LHB Vicente Chávez 0-0: Ball
1-0: Swinging Strike
1-1: Foul Ball, location: 2F
1-2: Strikes out looking
Batting: LHB Keith Green 0-0: Ball
1-0: Called Strike
1-1: Called Strike
1-2: Strikes out swinging, 2-3 out at first.
Batting: RHB Jacob Pope 0-0: Ball
1-0: Swinging Strike
1-1: Called Strike
1-2: Strikes out swinging
Top of the 1st over - 0 run(s), 0 hit(s), 0 error(s), 0 left on base; Redwood City 0 - Mile High 0
BOTTOM OF THE 1ST
Mile High Broncos batting - Pitching for Redwood City Redwoods : RHP Ramiro Pińa
Pitching: RHP Ramiro Pińa
Batting: LHB Ernesto López 0-0: Ball
1-0: Ground out 5-3 (Groundball, 56)
Batting: SHB Tom Stevens 0-0: Ball
1-0: Called Strike
1-1: Ball
2-1: Ball
3-1: Base on Balls
Batting: LHB Mark Everett 0-0: Ball
1-0: Called Strike
1-1: Ball
2-1: Foul Ball, location: 2F
2-2: Ball
Tom Stevens steals 2nd base
3-2: Foul Ball, location: 2F
3-2: Foul Ball, location: 2F
3-2: Foul Ball, location: 2F
3-2: Base on Balls
Batting: RHB Jeff Packard 0-0: Called Strike
0-1: DOUBLE (Flyball, 8LXD)
Tom Stevens scores
Mark Everett to third
Runner from 3rd tries for Home, SAFE, throw made at trailing runner, SAFE at third!
Batting: RHB David Moran 0-0: Foul Ball, location: 2F
0-1: Ball
1-1: Ball
2-1: Foul Ball, location: 2F
2-2: Strikes out swinging
Batting: LHB Jesús González 0-0: Called Strike
0-1: Swinging Strike
0-2: Ball
1-2: Strikes out looking
Bottom of the 1st over - 2 run(s), 1 hit(s), 0 error(s), 1 left on base; Redwood City 0 - Mile High 2
TOP OF THE 2ND
Redwood City Redwoods batting - Pitching for Mile High Broncos : RHP Hokusai Nakashima
Batting: RHB Bryan Sandstrom 0-0: Ball
1-0: Ball
2-0: Called Strike
2-1: Foul Ball, location: 2F
2-2: DOUBLE (Line Drive, 8RXD)
Batting: RHB Héctor Vázquez 0-0: Swinging Strike
0-1: Ball
1-1: Swinging Strike
1-2: Ground out 4-3 (Groundball, 4)
Bryan Sandstrom to third
Batting: LHB Mike Harris 0-0: Called Strike
0-1: Ball
1-1: Called Strike
1-2: Strikes out looking
Batting: LHB Bill McCraney 0-0: Ball
1-0: Ball
2-0: Called Strike
2-1: Ground out 5-3 (Groundball, 56)
Top of the 2nd over - 0 run(s), 1 hit(s), 0 error(s), 1 left on base; Redwood City 0 - Mile High 2
BOTTOM OF THE 2ND
Mile High Broncos batting - Pitching for Redwood City Redwoods : RHP Ramiro Pińa
Batting: RHB Rodney González 0-0: Ball
1-0: Foul Ball, location: 2F
1-1: Foul Ball, location: 2F
1-2: Ball
2-2: Ground out U3 (Groundball, 3)
Batting: SHB Pedro Martínez 0-0: Ground out 4-3 (Groundball, 4)
Batting: RHB Evan Robinson 0-0: Foul Ball, location: 2F
0-1: Ball
1-1: Ground out 6-3 (Groundball, 6S)
Bottom of the 2nd over - 0 run(s), 0 hit(s), 0 error(s), 0 left on base; Redwood City 0 - Mile High 2
TOP OF THE 3RD
Redwood City Redwoods batting - Pitching for Mile High Broncos : RHP Hokusai Nakashima
Batting: RHB Miguel González 0-0: Called Strike
0-1: Swinging Strike
0-2: SINGLE (Flyball, 7S)
Batting: RHB Jesús Cuevas 0-0: Ball
1-0: Foul Ball, location: 2F
1-1: Called Strike
1-2: Fielders Choice at 2nd, 4-6 (Groundball, 4)
Batting: LHB Vicente Chávez 0-0: Ball
Jesús Cuevas steals 2nd base
1-0: Ball
2-0: Fly out, F7 (Flyball, 78S)
Batting: LHB Keith Green 0-0: Called Strike
0-1: Ball
1-1: Ball
2-1: Ball
3-1: Called Strike
3-2: Foul Ball, location: 2F
3-2: Foul Ball, location: 2F
3-2: Fly out, F3 (Popup, 3S)
Top of the 3rd over - 0 run(s), 1 hit(s), 0 error(s), 1 left on base; Redwood City 0 - Mile High 2
BOTTOM OF THE 3RD
Mile High Broncos batting - Pitching for Redwood City Redwoods : RHP Ramiro Pińa
Batting: LHB Ernesto López 0-0: Ball
1-0: Ball
2-0: Ball
3-0: Called Strike
3-1: Base on Balls
Batting: SHB Tom Stevens 0-0: Ball
Ernesto López is caught stealing 2nd base
1-0: Ball
2-0: Foul Ball, location: 2F
2-1: Called Strike
2-2: SINGLE (Line Drive, 6D)
Batting: LHB Mark Everett 0-0: Called Strike
0-1: Ball
1-1: Foul Ball, location: 2F
1-2: Foul Ball, location: 2F
1-2: SINGLE (Groundball, 6MD) (infield hit)
Tom Stevens to second
Batting: RHB Jeff Packard 0-0: Called Strike
0-1: Ball
1-1: Ball
2-1: Ball
3-1: SINGLE (Groundball, 6MD)
Tom Stevens to third
Mark Everett to second
Runner from 3rd tries for Home, SAFE, no throw
Batting: RHB David Moran 0-0: Ball
1-0: Ball
2-0: Fielders Choice at 2nd, 6-4 (Groundball, 56)
Mark Everett to third
Batting: LHB Jesús González 0-0: Ball
1-0: Ball
2-0: Ball
3-0: Called Strike
3-1: Base on Balls
David Moran to second
Batting: RHB Rodney González 0-0: Ball
1-0: Called Strike
1-1: Ball
2-1: Ball
3-1: Base on Balls
Mark Everett scores
David Moran to third
Jesús González to second
Batting: SHB Pedro Martínez 0-0: Ball
1-0: Foul Ball, location: 2F
1-1: Fielders Choice at 2nd, 6-4 (Groundball, 6)
Bottom of the 3rd over - 2 run(s), 3 hit(s), 0 error(s), 2 left on base; Redwood City 0 - Mile High 4
TOP OF THE 4TH
Redwood City Redwoods batting - Pitching for Mile High Broncos : RHP Hokusai Nakashima
Batting: RHB Jacob Pope 0-0: Ball
1-0: Foul Ball, location: 2F
1-1: Foul Ball, location: 2F
1-2: Foul Ball, location: 2F
1-2: Strikes out swinging
Batting: RHB Bryan Sandstrom 0-0: Called Strike
0-1: Ball
1-1: DOUBLE (Groundball, 5L)
Pinch Runner at 2nd Juan Robles:
Batting: RHB Héctor Vázquez 0-0: Swinging Strike
0-1: Ground out 6-3 (Groundball, 6)
Batting: LHB Mike Harris 0-0: Ball
1-0: Ball
2-0: Ball
3-0: Called Strike
3-1: Base on Balls
Batting: LHB Bill McCraney 0-0: 3-RUN HOME RUN (Flyball, 9LD), Distance : 367 ft
Batting: RHB Miguel González 0-0: Ball
1-0: Ball
2-0: Ball
3-0: Base on Balls
Batting: RHB Jesús Cuevas 0-0: Called Strike
0-1: Ball
1-1: Foul Ball, location: 2F
1-2: Strikes out swinging
Top of the 4th over - 3 run(s), 2 hit(s), 0 error(s), 1 left on base; Redwood City 3 - Mile High 4
BOTTOM OF THE 4TH
Mile High Broncos batting - Pitching for Redwood City Redwoods : RHP Ramiro Pińa
Now at C: Juan Robles
Batting: RHB Evan Robinson 0-0: Ball
1-0: Swinging Strike
1-1: Foul Ball, location: 2F
1-2: Ball
2-2: Ground out 4-3 (Groundball, 4)
Batting: LHB Ernesto López 0-0: Foul Ball, location: 2F
0-1: Foul Ball, location: 2F
0-2: Ball
1-2: Foul Ball, location: 2F
1-2: Ball
2-2: Ball
3-2: Foul Ball, location: 2F
3-2: Foul Ball, location: 2F
3-2: Foul Ball, location: 2F
3-2: Ground out 4-3 (Groundball, 4)
Batting: SHB Tom Stevens 0-0: Ball
1-0: Ball
2-0: Ball
3-0: Called Strike
3-1: Base on Balls
Batting: LHB Mark Everett 0-0: Ball
1-0: Foul Ball, location: 2F
1-1: Ball
2-1: Ball
3-1: Base on Balls
Tom Stevens to second
Batting: RHB Jeff Packard 0-0: Called Strike
0-1: Foul Ball, location: 2F
0-2: SINGLE (Flyball, 8RS)
Tom Stevens to third
Mark Everett to second
Runner from 3rd tries for Home, throw and OUT!
Bottom of the 4th over - 0 run(s), 1 hit(s), 0 error(s), 2 left on base; Redwood City 3 - Mile High 4
TOP OF THE 5TH
Redwood City Redwoods batting - Pitching for Mile High Broncos : RHP Hokusai Nakashima
Batting: LHB Vicente Chávez 0-0: SOLO HOME RUN (Line Drive, 9D), Distance : 389 ft
Batting: LHB Keith Green 0-0: Called Strike
0-1: Ball
1-1: Foul Ball, location: 2F
1-2: Ball
2-2: Foul Ball, location: 2F
2-2: Foul Ball, location: 2F
2-2: Ground out U3 (Groundball, 34)
Batting: RHB Jacob Pope 0-0: Foul Ball, location: 2F
0-1: Foul Ball, location: 2F
0-2: Foul Ball, location: 2F
0-2: Ball
1-2: Foul Ball, location: 2F
1-2: Ball
2-2: Foul Ball, location: 2F
2-2: Foul Ball, location: 2F
2-2: Strikes out swinging
Batting: RHB Juan Robles 0-0: SINGLE (Line Drive, 6MD)
Pitching: LHP Jorge García
Batting: RHB Héctor Vázquez 0-0: SINGLE (Line Drive, 89S)
Juan Robles to second
Runner from 2nd tries for 3rd, SAFE, throw made to third
Batting: LHB Mike Harris 0-0: Swinging Strike
0-1: Ball
1-1: Ball
2-1: Foul Ball, location: 2F
2-2: Ground out 1-3 (Groundball, 13)
Top of the 5th over - 1 run(s), 3 hit(s), 0 error(s), 2 left on base; Redwood City 4 - Mile High 4
BOTTOM OF THE 5TH
Mile High Broncos batting - Pitching for Redwood City Redwoods : RHP Ramiro Pińa
Pitching: LHP Joe Jenkins
Batting: RHB David Moran 0-0: Ball
1-0: Foul Ball, location: 2F
1-1: Ball
2-1: Swinging Strike
2-2: Ball
3-2: Base on Balls
Batting: LHB Jesús González 0-0: Called Strike
0-1: Foul Ball, location: 2F
0-2: Foul Ball, location: 2F
0-2: Strikes out looking
Batting: RHB Rodney González 0-0: Fly out, F9 (Flyball, 9D)
Batting: SHB Pedro Martínez 0-0: Called Strike
0-1: Ball
1-1: Fly out, F8 (Flyball, 8LM)
Bottom of the 5th over - 0 run(s), 0 hit(s), 0 error(s), 1 left on base; Redwood City 4 - Mile High 4
TOP OF THE 6TH
Redwood City Redwoods batting - Pitching for Mile High Broncos : LHP Jorge García
Batting: LHB Bill McCraney 0-0: Called Strike
0-1: Foul Ball, location: 2F
0-2: Foul Ball, location: 2F
0-2: Ball
1-2: SINGLE (Line Drive, 6D)
Batting: RHB Miguel González 0-0: Fielders Choice at 2nd, 5-4 (Groundball, 56)
Batting: RHB Jesús Cuevas 0-0: Ball
1-0: Called Strike
1-1: Ball
2-1: Ball
3-1: Base on Balls
Miguel González to second
Batting: LHB Vicente Chávez 0-0: Ball
1-0: Ball
2-0: Called Strike
2-1: Swinging Strike
2-2: Strikes out swinging
Batting: LHB Keith Green 0-0: Ball
1-0: Ball
2-0: Ball
3-0: Base on Balls
Miguel González to third
Jesús Cuevas to second
Batting: RHB Jacob Pope 0-0: Fly out, F4 (Line Drive, 4M)
Top of the 6th over - 0 run(s), 1 hit(s), 0 error(s), 3 left on base; Redwood City 4 - Mile High 4
BOTTOM OF THE 6TH
Mile High Broncos batting - Pitching for Redwood City Redwoods : LHP Joe Jenkins
Batting: RHB Evan Robinson 0-0: SINGLE (Groundball, 4MD)
Batting: LHB Ernesto López 0-0: Ball
1-0: Called Strike
1-1: Swinging Strike
1-2: Ball
2-2: Foul Ball, location: 2F
2-2: Foul Ball, location: 2F
2-2: Ball
3-2: Fly out, F9 (Flyball, 9LM)
Batting: SHB Tom Stevens 0-0: DOUBLE (Line Drive, 7LM)
Evan Robinson to third
Batting: LHB Mark Everett 0-0: Ball
1-0: Foul Ball, location: 2F
1-1: Ball
2-1: SINGLE (Line Drive, 6M)
Evan Robinson scores
Tom Stevens to third
Runner from 3rd tries for Home, SAFE, no throw
Pitching: RHP Pedro Cabrera
Batting: RHB Jeff Packard 0-0: Called Strike
0-1: Called Strike
0-2: Ball
1-2: Ball
2-2: Ball
3-2: Foul Ball, location: 2F
3-2: SINGLE (Groundball, 6MD)
Mark Everett to second
Batting: RHB David Moran 0-0: Foul Ball, location: 2F
0-1: Ball
1-1: Ball
2-1: Called Strike
2-2: Ball
3-2: Base on Balls
Mark Everett to third
Jeff Packard to second
Batting: LHB Jesús González 0-0: Called Strike
0-1: Swinging Strike
0-2: Strikes out swinging
Batting: RHB Rodney González 0-0: Ball
1-0: Ball
2-0: Fielders Choice at 2nd, 6-4 (Groundball, 6)
Bottom of the 6th over - 2 run(s), 4 hit(s), 0 error(s), 2 left on base; Redwood City 4 - Mile High 6
TOP OF THE 7TH
Redwood City Redwoods batting - Pitching for Mile High Broncos : LHP Jorge García
Batting: RHB Juan Robles 0-0: SOLO HOME RUN (Flyball, 7LD), Distance : 366 ft
Batting: RHB Héctor Vázquez 0-0: DOUBLE (Groundball, 5L)
Pinch Hitting: RHB Bob Campbell 0-0: Called Strike
0-1: Ball
1-1: Ball
2-1: Ball
3-1: Base on Balls
Pitching: LHP Robin Wilder
Pinch Hitting: RHB Javier Ortíz 0-0: Sac Bunt - play at first, batter safe!
Héctor Vázquez to third
Bob Campbell to second
Pinch Hitting: RHB Carlos Gonzáles 0-0: Ball
1-0: Foul Ball, location: 2F
1-1: Swinging Strike
1-2: Foul Ball, location: 2F
1-2: Strikes out swinging
Batting: RHB Jesús Cuevas 0-0: Called Strike
0-1: Fly out, F9 (Flyball, 9LMF)
Runner from 3rd tags up, SCORES, no throw
Batting: LHB Vicente Chávez 0-0: Called Strike
0-1: Ball
1-1: Called Strike
1-2: Foul Ball, location: 2F
1-2: Foul Ball, location: 2F
1-2: Foul Ball, location: 2F
1-2: Ground out U3 (Groundball, 34)
Top of the 7th over - 2 run(s), 3 hit(s), 0 error(s), 2 left on base; Redwood City 6 - Mile High 6
BOTTOM OF THE 7TH
Mile High Broncos batting - Pitching for Redwood City Redwoods : RHP Pedro Cabrera
Now at 1B: Carlos Gonzáles
Now at SS: Bernardo Rodríguez
Now in RF: Bob Campbell
Batting: SHB Pedro Martínez 0-0: Swinging Strike
0-1: Foul Ball, location: 2F
0-2: Ball
1-2: Fly out, F6 (Popup, 6MD)
Batting: RHB Evan Robinson 0-0: Ball
1-0: Foul Ball, location: 2F
1-1: Ball
2-1: Ground out 5-3 (Groundball, 5)
Batting: LHB Ernesto López 0-0: Swinging Strike
0-1: Ball
1-1: Swinging Strike
1-2: SINGLE (Line Drive, 8RS)
Batting: SHB Tom Stevens 0-0: Called Strike
0-1: Ball
1-1: Swinging Strike
1-2: Ball
2-2: Strikes out swinging
Bottom of the 7th over - 0 run(s), 1 hit(s), 0 error(s), 1 left on base; Redwood City 6 - Mile High 6
TOP OF THE 8TH
Redwood City Redwoods batting - Pitching for Mile High Broncos : LHP Robin Wilder
Batting: LHB Keith Green 0-0: Called Strike
0-1: Ball
1-1: Called Strike
1-2: Ball
2-2: Foul Ball, location: 2F
2-2: Fly out, F7 (Flyball, 7)
Batting: RHB Jacob Pope 0-0: Called Strike
0-1: Swinging Strike
0-2: Ball
1-2: Strikes out swinging
Batting: RHB Juan Robles 0-0: Called Strike
0-1: Ball
1-1: SINGLE (Line Drive, 8LM)
Batting: RHB Héctor Vázquez 0-0: Ball
1-0: Called Strike
1-1: Called Strike
1-2: Foul Ball, location: 2F
1-2: Ball
2-2: Ground out 3-1 (Groundball, 34S)
Top of the 8th over - 0 run(s), 1 hit(s), 0 error(s), 1 left on base; Redwood City 6 - Mile High 6
BOTTOM OF THE 8TH
Mile High Broncos batting - Pitching for Redwood City Redwoods : RHP Pedro Cabrera
Batting: LHB Mark Everett 0-0: Ball
1-0: Swinging Strike
1-1: Foul Ball, location: 2F
1-2: Foul Ball, location: 2F
1-2: Fly out, F6 (Line Drive, 56)
Batting: RHB Jeff Packard 0-0: Ball
1-0: Foul Ball, location: 2F
1-1: Ball
2-1: Ground out 5-3 (Groundball, 25)
Pitching: RHP Steve Poe
Pinch Hitting: LHB Tony Báez 0-0: Ball
1-0: DOUBLE (Line Drive, 9LM)
Batting: LHB Jesús González 0-0: Swinging Strike
0-1: Ball
1-1: Ball
2-1: Ball
3-1: Foul Ball, location: 2F
3-2: Base on Balls
Pinch Hitting: LHB Milton Watson 0-0: Foul Ball, location: 2F
0-1: Swinging Strike
0-2: Ball
1-2: Strikes out looking
Bottom of the 8th over - 0 run(s), 1 hit(s), 0 error(s), 2 left on base; Redwood City 6 - Mile High 6
TOP OF THE 9TH
Redwood City Redwoods batting - Pitching for Mile High Broncos : LHP Robin Wilder
Pitching: RHP David Bailey
Now at 2B: Keith Shaffer
Now at 3B: Enrique Bermúdez
Pinch Hitting: LHB Patrick Bright 0-0: Ball
1-0: Ball
2-0: Called Strike
2-1: Swinging Strike
2-2: Reached on error, E3 (Groundball, 3L)
Pinch Hitting: LHB Marcos Vázquez 0-0: Ball
1-0: Ball
2-0: Called Strike
2-1: Called Strike
2-2: Ball
3-2: SINGLE (Line Drive, 56D)
Patrick Bright to second
Pinch Runner at 2nd Richard Olvera:
Pinch Hitting: LHB Frank Young 0-0: Sac Bunt - play at first, batter OUT! 1-4
Richard Olvera to third
Marcos Vázquez to second
Batting: RHB Jesús Cuevas 0-0: Foul Ball, location: 2F
0-1: Ground out 6-3 (Groundball, 6)
Batting: LHB Vicente Chávez 0-0: Called Strike
0-1: Called Strike
0-2: Foul Ball, location: 2F
0-2: Ball
1-2: Ground out 1-3 (Groundball, P)
Top of the 9th over - 0 run(s), 1 hit(s), 1 error(s), 2 left on base; Redwood City 6 - Mile High 6
BOTTOM OF THE 9TH
Mile High Broncos batting - Pitching for Redwood City Redwoods : RHP Steve Poe
Now at 1B: Marcos Vázquez
Now at SS: Chris Hall
Now in RF: Frank Young
Batting: SHB Pedro Martínez 0-0: Called Strike
0-1: Foul Ball, location: 2F
0-2: Ball
1-2: Fly out, F2 (Popup, 5S)
Batting: RHB Evan Robinson 0-0: Ball
1-0: Called Strike
1-1: Ball
2-1: Foul Ball, location: 2F
2-2: Hit by Pitch
Batting: LHB Ernesto López 0-0: Ball
1-0: Swinging Strike
1-1: Fielders Choice at 2nd, 6-4 (Groundball, 6)
Batting: SHB Tom Stevens 0-0: Ball
1-0: Swinging Strike
1-1: Ball
2-1: Foul Ball, location: 2F
2-2: Ball
3-2: Foul Ball, location: 2F
3-2: SINGLE (Line Drive, 6M)
Ernesto López to second
Ernesto López to third
Batting: LHB Mark Everett 0-0: Swinging Strike
0-1: Foul Ball, location: 2F
0-2: Ball
1-2: Foul Ball, location: 2F
1-2: SINGLE (Line Drive, 8RM)
Ernesto López scores
Thursday, March 30th, 2017 - OOTP Baseball 17.12 Build 75